 Dungeon Crawl Stone Soup version 0.31.0-32-g396128a36d (webtiles) character file.

Game seed: 4229581226958892294

85253 Logoto the Severer (level 15, -8/219 HPs)
             Began as a Hill Orc Berserker on Mar 28, 2024.
             Was a High Priest of Trog.
             Mangled by an orc knight
             ... wielding a +0 glaive
              (19 damage)
             ... on level 15 of the Dungeon.
             The game lasted 01:14:56 (25127 turns).

Logoto the Severer (Hill Orc Berserker)            Turns: 25127, Time: 01:14:58

Health: -8/219     AC: 29    Str: 28    XL:     15   Next: 83%
Magic:  15/15      EV:  9    Int:  7    God:    Trog [*****.]
Gold:   1764       SH: 15    Dex: 16    Spells: 14/14 levels left

rFire   . . .        S - +5 eveningstar
rCold   + . .        B - +0 kite shield {AC+3}
rNeg    + + +        X - +2 plate armour {Will+}
rPois   +            P - +2 helmet
rElec   +            G - +1 cloak of the Black Skies {rF- rN+++ Will++ Regen+}
rCorr   +            (no gloves)
SInv    .            f - +0 pair of boots
Will    ++++.        D - amulet of reflection Stlth
                     q - +6 ring of dexterity
HPRegen 1.36/turn    O - ring of resist corrosion
MPRegen 0.14/turn

%: reflection
@: berserking, resistant, very quick
A: no striking features
a: Renounce Religion, Berserk, Trog's Hand, Brothers in Arms


You were on level 15 of the Dungeon.
You worshipped Trog.
Trog was extremely pleased with you.
You visited 3 branches of the dungeon, and saw 22 of its levels.

You collected 2085 gold pieces.
You spent 321 gold pieces at shops.

Inventory:

Hand Weapons
 A - a +2 whip of flaming
 F - a +2 battleaxe of venom
 S - a +5 eveningstar (weapon)
 Y - a +2 battleaxe of pain
Missiles
 t - 29 poisoned darts (quivered)
 u - 5 curare-tipped darts
 N - 6 darts of dispersal
Armour
 f - a +0 pair of boots (worn)
 B - a +0 kite shield of protection (worn)
 C - the +3 scale mail of the Pink Corner {^Drain rCorr Dex+2 Slay+3}
   (You found it on level 7 of the Dungeon)

   Dex+2:     It affects your dexterity (+2).
   Slay+3:    It affects your accuracy & damage with ranged weapons and melee
   (+3).
   rCorr:     It protects you from acid and corrosion.
   ^Drain:    It drains your maximum health when unequipped.
 G - the +1 cloak of the Black Skies (worn) {rF- rN+++ Will++ Regen+}
   (You found it on level 8 of the Dungeon)

   rF-:       It makes you vulnerable to fire.
   rN+++:     It renders you almost immune to negative energy.
   Will++:    It greatly increases your willpower.
   Regen+:    It increases your rate of health regeneration.
 P - a +2 helmet (worn)
 X - a +2 plate armour of willpower (worn)
Jewellery
 q - a +6 ring of dexterity (left hand)
 D - an amulet of reflection (around neck)
 M - a ring of fire
 O - a ring of resist corrosion (right hand)
Wands
 r - a wand of digging (13)
 w - a wand of polymorph (7)
 y - a wand of paralysis (18)
 E - a wand of iceblast (10)
 H - a wand of flame (18)
 I - a wand of light (4)
Scrolls
 a - 4 scrolls of blinking
 e - 2 scrolls of fog {unknown}
 m - 5 scrolls of teleportation
 v - a scroll of immolation {unknown}
 x - a scroll of poison {unknown}
 z - a scroll of brand weapon
 J - 2 scrolls of revelation
 K - a scroll of enchant armour {unknown}
 L - 3 scrolls of enchant weapon {unknown}
 Q - 3 scrolls of butterflies {unknown}
 R - 2 scrolls of fear {unknown}
Potions
 b - 3 potions of attraction
 c - 3 potions of lignification {unknown}
 i - 3 potions of enlightenment
 l - 6 potions of curing
 o - 2 potions of mutation
 p - a potion of heal wounds {unknown}
 T - a potion of ambrosia {unknown}
 U - 2 potions of cancellation {unknown}
 V - a potion of magic
 W - a potion of experience {unknown}


   Skills:
 * Level 16.9 Fighting
 + Level 20.9(22.0) Axes
 * Level 10.6(15.4) Maces & Flails
 + Level 0.1 Throwing
 * Level 14.0 Armour
 + Level 4.9 Dodging
 + Level 1.6 Stealth
 + Level 6.2 Shields
 + Level 1.2 Unarmed Combat


You had 14 spell levels left.
You didn't know any spells.
Your spell library was empty.

Dungeon Overview and Level Annotations

Branches:
Dungeon (14/15)            Temple (0/1) D:5            Lair (5/5) D:10
  Swamp (0/4) Lair:2       Spider (0/4) Lair:3        Slime (0/5) Lair:5
    Orc (2/2) D:9             Elf (0/3) Orc:2        Vaults (0/5) D:13

Altars:
Hepliaklqana
Kikubaaqudgha
Qazlal
Sif Muna
Trog
Xom
Beogh

Shops:
Orc:2 (:*[

Annotations:
D:11 2 transporters


Message History

You hit the skeletal warrior but do no damage.
The skeletal warrior is moderately damaged.
You block the warg's attack.
The skeletal warrior hits you with a +0 dire flail!
* * * LOW HITPOINT WARNING * * *
You block the orc's attack. The orc knight completely misses you.
You completely miss the skeletal warrior.
The skeletal warrior is moderately damaged.
You block the warg's attack. The warg bites you.
* * * LOW HITPOINT WARNING * * *
You block the skeletal warrior's attack.
You bludgeon the skeletal warrior!!
The skeletal warrior is severely damaged.
The orc hits you with a +0 falchion.
* * * LOW HITPOINT WARNING * * *
The orc knight roars a battlecry!
The orcs go into a battle-frenzy!
The warg barely misses you.
You closely miss the skeletal warrior.
The skeletal warrior is severely damaged.
The orc warrior no longer looks unusually strong.
The warg closely misses you.
You block the skeletal warrior's attack.
You block the orc's attack.
The orc knight hits you from afar with a +0 glaive.
* * * LOW HITPOINT WARNING * * *
You hit the skeletal warrior.
The skeletal warrior is severely damaged.
You block the warg's attack.
The skeletal warrior hits you with a +0 dire flail!
* * * LOW HITPOINT WARNING * * *
The orc hits you but does no damage. The orc knight barely misses you.
A red film seems to cover your vision as you go berserk!
You feel yourself moving faster!
You feel mighty! The warg bites you but does no damage.
The skeletal warrior hits you with a +0 dire flail!
* * * LOW HITPOINT WARNING * * *
You block the orc's attack. You block the warg's attack.
The orc knight hits you from afar with a +0 glaive!!
You die...

###########
##.....zz@h# .
#..#######ooooho. ...
#.## #####..
#....##.######
......zz.....##
####...z...)..########
#............#.....#
..).............[....#
....#.$....))$.......#


You could see an orc knight, 2 skeletal warriors, 2 wargs, 2 orc warriors and 2
orcs.

Vanquished Creatures
  Jorgrun (D:13)
  2 orc warlords
  Nessos (D:13)
  An eleionoma (Lair:2)
  A minotaur (Lair:3)
  Azrael (D:13)
  Josephine (Lair:3)
  A vault guard (D:13)
  Erolcha (D:9)
  An ogre mage (D:15)
  6 hydras
  8 two-headed ogres
  5 boulder beetles
  3 death yaks
  4 orc high priests (Orc:2)
  Urug (D:11)
  A fire crab (shapeshifter) (D:13)
  3 skeletal warriors (D:15)
  2 skysharks (Lair:4)
  Pikel (D:6)
  2 orc knights (Orc:2)
  2 ugly things
  5 orc sorcerers
  5 cyclopes
  A manticore (D:13)
  14 elephants
  A meliai (shapeshifter) (D:13)
  4 kobold blastminers
  A torpor snail (Lair:5)
  4 black mambas
  Maggie (D:8)
  28 cane toads
  3 gargoyles
  An unseen horror (D:11)
  A kobold demonologist (D:10)
  Jeremiah (D:8)
  7 komodo dragons
  2 rime drakes (Lair:3)
  A tengu conjurer (D:13)
  4 trolls
  2 tyrant leeches (Lair:5)
  2 polar bears
  A troll (shapeshifter) (D:13)
  30 blink frogs
  2 culicivoras (Lair:3)
  10 dream sheep
  A jumping spider (Lair:3)
  A slime creature (D:13)
  2 vampires
  30 yaks
  4 wraiths
  8 wyverns
  2 wargs (Orc:2)
  12 vampire mosquitoes
  5 basilisks
  A redback (Lair:3)
  Menkaure (D:6)
  Edmund (D:6)
  2 acid dragons (D:10)
  17 water moccasins
  8 hell hounds
  Duvessa (D:5)
  2 ice beasts
  2 sky beasts
  15 ogres
  27 orc warriors
  3 black bears
  8 centaurs
  A lemure (D:6)
  2 kobold brigands
  26 bullfrogs
  A gnoll sergeant (D:7)
  5 necrophages (Lair:3)
  3 scorpions (D:6)
  5 wights (D:9)
  Dowan (D:5)
  11 killer bees (D:9)
  A howler monkey (D:7)
  7 electric eels (Lair:5)
  6 jellies
  2 bombardier beetles
  5 hounds
  15 orc priests
  Crazy Yiuf (D:2)
  3 iguanas
  5 hell rats (Lair:2)
  16 orc wizards
  5 gnolls (D:7)
  5 adders
  A white imp (D:6)
  A ribbon worm (D:3)
  A dart slug (D:2)
  47 orcs
  9 ball pythons
  17 bats
  8 endoplasms
  5 giant cockroaches
  4 goblins
  9 hobgoblins
  4 quokkas
  A frilled lizard (D:3)
  19 kobolds
  7 rats
592 creatures vanquished.

Vanquished Creatures (others)
  An adder (D:6)
1 creature vanquished.

Grand Total: 593 creatures vanquished

Notes
Turn   | Place    | Note
-------+----------+-------------------------------------------
     0 | D:1      | Logoto the Hill Orc Berserker began the quest for the Orb.
     0 | D:1      | Reached XP level 1. HP: 19/19 MP: 1/1
   205 | D:1      | Reached XP level 2. HP: 27/27 MP: 2/2
   205 | D:1      | Found a faded altar of an unknown god.
   752 | D:2      | Reached XP level 3. HP: 33/33 MP: 3/3
  1147 | D:2      | Identified the +2 robe of Valiance {Harm}
  1227 | D:2      | Found a runed translucent door.
  1228 | D:2      | Noticed Crazy Yiuf
  1426 | D:2      | Killed Crazy Yiuf
  1427 | D:2      | Reached skill level 5 in Axes
  1427 | D:2      | Reached XP level 4. HP: 38/41 MP: 4/4
  1598 | D:3      | Reached skill level 1 in Maces & Flails
  1598 | D:3      | Reached XP level 5. HP: 15/47 MP: 5/5
  2286 | D:3      | Reached ** piety under Trog
  3711 | D:5      | Entered Level 5 of the Dungeon
  3711 | D:5      | Found a shimmering altar of Xom.
  3722 | D:5      | Reached skill level 5 in Fighting
  3722 | D:5      | Reached skill level 6 in Axes
  3722 | D:5      | Reached XP level 6. HP: 51/56 MP: 6/6
  3776 | D:5      | Noticed a water moccasin
  3799 | D:5      | Killed a water moccasin
  4240 | D:5      | Found a hazy altar of Hepliaklqana.
  4270 | D:5      | Found a shimmering blue altar of Sif Muna.
  4318 | D:5      | Noticed Duvessa
  4318 | D:5      | Noticed Dowan
  4326 | D:5      | Killed Duvessa
  4327 | D:5      | Reached skill level 7 in Axes
  4327 | D:5      | Reached XP level 7. HP: 61/61 MP: 7/7
  4338 | D:5      | Killed Dowan
  4882 | D:5      | Found a staircase to the Ecumenical Temple.
  4968 | D:5      | Reached skill level 8 in Axes
  5282 | D:6      | Reached skill level 5 in Armour
  5283 | D:6      | Reached skill level 9 in Axes
  5283 | D:6      | Reached XP level 8. HP: 70/70 MP: 8/8
  5383 | D:6      | Noticed Edmund
  5396 | D:6      | Killed Edmund
  5468 | D:6      | Noticed Pikel
  5484 | D:6      | Killed Pikel
  5485 | D:6      | Reached skill level 10 in Axes
  5564 | D:6      | Noticed Menkaure
  5569 | D:6      | Killed Menkaure
  5570 | D:6      | Reached skill level 11 in Axes
  5570 | D:6      | Reached XP level 9. HP: 78/78 MP: 9/9
  5571 | D:6      | Reached skill level 1 in Unarmed Combat
  5827 | D:6      | Reached skill level 1 in Stealth
  5837 | D:6      | Identified the +1 orcbow of the Grave {speed, rElec Dex+4
                  | Stlth+}
  5966 | D:7      | Identified the +3 scale mail of the Pink Corner {^Drain
                  | rCorr Dex+2 Slay+3}
  5979 | D:7      | Reached skill level 12 in Axes
  6753 | D:8      | Noticed Maggie
  6768 | D:8      | Killed Maggie
  7064 | D:8      | Reached XP level 10. HP: 88/88 MP: 10/10
  7073 | D:8      | Reached skill level 13 in Axes
  7073 | D:8      | Reached skill level 1 in Shields
  7159 | D:8      | Found a bloodstained altar of Trog.
  7251 | D:8      | Identified the +1 cloak of the Black Skies {rF- rN+++
                  | Will++ Regen+}
  7257 | D:8      | Noticed Jeremiah
  7271 | D:8      | Killed Jeremiah
  8079 | D:9      | Found an ancient bone altar of Kikubaaqudgha.
  8323 | D:9      | Noticed a two-headed ogre
  8329 | D:9      | Killed a two-headed ogre
  8330 | D:9      | Reached skill level 14 in Axes
  8506 | D:9      | Noticed Erolcha
  8514 | D:9      | Killed Erolcha
  8664 | D:9      | Identified the +0 leather armour "Ziraezo" {rF+ Stlth+}
  8752 | D:9      | Reached *** piety under Trog
  8757 | D:9      | Reached skill level 15 in Axes
  8855 | D:9      | Found a staircase to the Orcish Mines.
  9018 | D:9      | Reached XP level 11. HP: 97/97 MP: 11/11
  9224 | D:10     | Entered Level 10 of the Dungeon
  9412 | D:10     | Reached skill level 16 in Axes
  9589 | D:10     | Found a staircase to the Lair.
 10518 | Lair:1   | Entered Level 1 of the Lair of Beasts
 10587 | Lair:1   | Reached skill level 10 in Fighting
 10679 | Lair:1   | Reached skill level 10 in Armour
 10889 | Lair:1   | Reached skill level 17 in Axes
 11001 | Lair:1   | Noticed a seven-headed hydra
 11010 | Lair:1   | Killed a seven-headed hydra
 11011 | Lair:1   | Reached XP level 12. HP: 106/108 MP: 12/12
 12149 | Lair:2   | Reached **** piety under Trog
 12155 | Lair:2   | Reached skill level 18 in Axes
 12355 | Lair:2   | Found a staircase to the Swamp.
 12355 | Lair:2   | Noticed an eleionoma
 12362 | Lair:2   | Killed an eleionoma
 13491 | Lair:3   | Reached skill level 19 in Axes
 13507 | Lair:3   | Noticed Josephine
 13514 | Lair:3   | Killed Josephine
 13772 | Lair:3   | Reached XP level 13. HP: 106/118 MP: 13/13
 14116 | Lair:3   | Reached skill level 20 in Axes
 14399 | Lair:3   | Found a hole to the Spider Nest.
 14635 | Lair:3   | Found a runed translucent door.
 14730 | Lair:3   | Noticed a minotaur
 14739 | Lair:3   | Killed a minotaur
 16456 | Lair:5   | Entered Level 5 of the Lair of Beasts
 16748 | Lair:4   | Reached XP level 14. HP: 133/133 MP: 14/14
 17142 | Lair:4   | Reached skill level 15 in Fighting
 18068 | Lair:5   | Found a staircase to the Slime Pits.
 18128 | Lair:5   | Reached skill level 5 in Shields
 18450 | Lair:5   | Identified the +9 arbalest of Utsurphu {freeze, rC+ Str+3
                  | Stlth+}
 18469 | Lair:5   | Identified the +0 robe of a Labyrinth {rN+++ Will+}
 19069 | D:11     | Noticed Urug
 19076 | D:11     | Killed Urug
 19270 | D:11     | Found a transporter.
 19297 | D:11     | Found a roughly hewn altar of Beogh.
 19297 | D:11     | Found a transporter.
 19962 | D:12     | Reached skill level 5 in Maces & Flails
 20081 | D:12     | Identified the +0 ring mail "Plog" {-Tele rElec Dex+3}
 20453 | Orc:1    | Entered Level 1 of the Orcish Mines
 20524 | Orc:1    | Noticed an orc warlord
 20596 | D:9      | Killed an orc warlord
 21011 | Orc:1    | Reached XP level 15. HP: 121/121 MP: 15/15
 21651 | Orc:2    | Entered Level 2 of the Orcish Mines
 22393 | Orc:2    | Noticed an orc warlord
 22413 | Orc:2    | Killed an orc warlord
 22463 | Orc:2    | Found Ihevy's Antique Armour Emporium.
 22490 | Orc:2    | Bought a glowing buckler for 172 gold pieces
 22568 | Orc:2    | Found Coosesug's General Store.
 22576 | Orc:2    | Bought a +0 kite shield of protection for 149 gold pieces
 22796 | Orc:2    | Found Dunwohi's Book Boutique.
 23133 | Orc:2    | Found a staircase to the Elven Halls.
 23145 | Orc:2    | Found Pyffiffowe's Antique Weapon Boutique.
 23563 | D:13     | Noticed Jorgrun
 23590 | D:13     | Killed Jorgrun
 23657 | D:13     | Noticed Nessos
 23664 | D:13     | Killed Nessos
 23939 | D:13     | Noticed Azrael
 23952 | D:13     | Killed Azrael
 24563 | D:13     | Reached ***** piety under Trog
 24564 | D:13     | Reached skill level 10 in Maces & Flails
 24579 | D:13     | Found a gate to the Vaults.
 24974 | D:14     | Found a stormy altar of Qazlal.
 25021 | D:14     | You fall into a shaft and drop 1 floor!
 25021 | D:15     | Entered Level 15 of the Dungeon
 25127 | D:15     | Mangled by an orc knight

Illustrated notes

Levels and vault maps discovered:
D:1:      tarquinn_simple_flora_water_f, layout_rooms,
          shapermc_ecumenical_altar_starsandcircs, nicolae_the_louvre
D:2:      layout_basic, serial_corexii_hall, chequers_hall_statues_wall_a,
          corexii_hall_statues_deadend, chequers_hall_statues_wall_a,
          uniq_crazy_yiuf_cottage
D:3:      layout_loops_corners
D:4:      mumra_celtic_spiral_tile, layout_basic, corexii_corridor_pit
D:5:      layout_layer_cave, mainiacjoe_overflow_tiny_flanked,
          mainiacjoe_overflow_two_lobes, lemuel_temple_firewalk_b, uniq_duvessa
D:6:      minmay_octagon_keep, layout_rooms, nrook_mini_vaults, uniq_menkaure,
          uniq_pikel, uniq_edmund
D:7:      layout_rooms
D:8:      layout_loops_corners, lemuel_crystal_altar, minmay_strange_pillars,
          uniq_jeremiah, uniq_maggie
D:9:      layout_loops_ring, marbit_many_paths, david_orc_4,
          chequers_decorated_corner, uniq_erolcha
D:10:     layout_loops_ring, erik_lair_dragon
D:11:     gammafunk_beogh_shrine, layout_long_grid, uniq_urug
D:12:     layout_cave_pools
D:13:     layout_stronghold, david_vaults_5, wad_dig_loot, uniq_nessos,
          uniq_jorgrun, uniq_azrael
D:14:     layout_basic, nicolae_qazlal_scattered_showers
D:15:     grunt_enter_depths_snipers, layout_rooms
Lair:1:   layout_hall_layers, roderic_batcave, chequers_serial_rivers_small_3
Lair:2:   layout_layer_cave, alex1729_swamp_entry_worm_eleionoma,
          beast_lair_carwin_4, infiniplex_staircase_pool_2
Lair:3:   dreamdust_labyrinth, layout_gridlike, spider_nest_entry_funnel_web,
          enter_volcano_3, roderic_carrion_pond, uniq_josephine
Lair:4:   layout_regular_city, grunt_megastairs_1, lemuel_fruit_fields
Lair:5:   minmay_lair_end_frog_pond, layout_regular_city,
          nicolae_slime_entry_slimehenge, serial_bayou, serial_bayou_lagoon_b,
          serial_bayou_pond_c, serial_bayou_shore_b, serial_bayou_pond_e
Orc:1:    layout_caves, mines2_lemuel
Orc:2:    grunt_orc_gardens, layout_caves, grunt_orc_garden, grunt_orc_garden,
          grunt_orc_garden, grunt_orc_garden

Skill      XL: |  1  2  3  4  5  6  7  8  9 10 11 12 13 14 15 |
---------------+----------------------------------------------+-----
Fighting       | 4 5 6 7 9 10 12 14 16 | 16.9
Axes           | 5 6 7 9 11 12 15 17 19 20 | 20.9
Armour         | 3 4 5 6 8 9 10 12 13 14 | 14.0
Maces & Flails | 1 2 6 10 | 10.6
Dodging        | 2 3 4 |  4.9
Unarmed Combat | 1 |  1.2
Stealth        | 1 |  1.6
Shields        | 1 2 3 4 5 6 |  6.2
Throwing       | |  0.1

Action                     |  1- 3 |  4- 6 |  7- 9 | 10-12 | 13-15 || total
---------------------------+-------+-------+-------+-------+-------++-------
  Melee: Hand axe          |    16 |       |       |       |       ||    16
         Whip              |    88 |       |       |    14 |    48 ||   150
         Battleaxe         |    15 |   142 |   143 |   446 |   420 ||  1166
         Unarmed           |       |       |    10 |       |       ||    10
         Eveningstar       |       |       |       |       |   569 ||   569
         Punch             |       |       |       |       |     5 ||     5
  Throw: Dart              |       |       |     2 |       |       ||     2
 Invoke: Berserk           |     4 |     6 |    12 |    35 |    57 ||   114
    Use: Scroll            |       |       |     4 |     4 |     8 ||    16
         Potion            |       |       |     1 |       |     3 ||     4
   Stab: Confused          |       |       |     1 |       |       ||     1
         Invisible         |       |       |       |       |     5 ||     5
         Distracted        |       |       |       |       |     1 ||     1
 Armour: Animal skin       |    10 |       |       |       |       ||    10
         Ring mail         |    66 |    91 |       |       |       ||   157
         Scale mail        |       |    47 |   107 |   319 |   494 ||   967
         Skin              |       |       |     1 |       |       ||     1
         Plate armour      |       |       |       |       |   375 ||   375
  Dodge: Dodged            |    67 |    93 |    66 |   210 |   414 ||   850
  Block: Other             |       |       |    11 |    94 |   158 ||   263
         Reflection        |       |       |       |     2 |    23 ||    25
         Kite shield       |       |       |       |       |   252 ||   252
